| TOP OF THE 1ST |
|
Lowell Spinners batting - Pitching for Aberdeen Ironbirds : LHP Freddy Gutierrez
|
|
Pitching: LHP Freddy Gutierrez
|
|
|
Batting: RHB Sal Rivera
|
0-0: Ball 1-0: Foul Ball, location: 2F 1-1: Ground out 5-3 (Groundball, 56, EV 83.8 MPH)
|
|
Batting: LHB Sergio Tinoco
|
0-0: Reached on error, E6 (Groundball, 6S, EV 85.0 MPH)
|
|
Batting: RHB Alex Cardenas
|
0-0: Ball 1-0: Called Strike 1-1: Called Strike 1-2: Foul Ball, location: 2F 1-2: Ball 2-2: Ball 3-2: Strikes out swinging Sergio Tinoco is caught stealing 2nd base 2-4 Batter strikes out.
|
| Top of the 1st over - 0 runs, 0 hits, 1 error, 0 left on base; Lowell 0 - Aberdeen 0 |
| BOTTOM OF THE 1ST |
|
Aberdeen Ironbirds batting - Pitching for Lowell Spinners : LHP Jon Convery
|
|
Pitching: LHP Jon Convery
|
|
|
Batting: RHB Ben Sutton
|
0-0: Ball 1-0: Foul Ball, location: 2F 1-1: Ball 2-1: Ball 3-1: SINGLE (Flyball, 4D, EV 90.6 MPH)
|
|
Batting: RHB Daniel Jackson
|
0-0: Called Strike 0-1: Ball 1-1: Ball 2-1: Swinging Strike 2-2: Strikes out swinging
|
|
Batting: RHB Jeremy Sipe
|
0-0: Foul Ball, location: 2F 0-1: Ball 1-1: Called Strike 1-2: Ball Ben Sutton steals 2nd base (no throw) 2-2: Ball 3-2: Foul Ball, location: 2F 3-2: Base on Balls
|
|
Batting: RHB Mike Zepeda
|
0-0: Ball Ben Sutton steals 3rd base Jeremy Sipe to second 1-0: Ball 2-0: Foul Ball, location: 2F 2-1: Ball 3-1: Base on Balls
|
|
Batting: RHB Steve Jones
|
0-0: Ball 1-0: GRAND SLAM HOME RUN (Flyball, 8RXD, EV 109.4 MPH), Distance : 458 ft
|
|
Batting: RHB Mike Pitts
|
0-0: Ball 1-0: Called Strike 1-1: Foul Ball, location: 2F 1-2: Ball 2-2: Foul Ball, location: 2F 2-2: Ground out 5-3 (Groundball, 5, EV 79.4 MPH)
|
|
Batting: RHB Tony Godley
|
0-0: Swinging Strike 0-1: Swinging Strike 0-2: Ball 1-2: Foul Ball, location: 2F 1-2: Ball 2-2: Ground out 5-3 (Groundball, 56S, EV 88.8 MPH)
|
| Bottom of the 1st over - 4 runs, 2 hits, 0 errors, 0 left on base; Lowell 0 - Aberdeen 4 |
| TOP OF THE 2ND |
|
Lowell Spinners batting - Pitching for Aberdeen Ironbirds : LHP Freddy Gutierrez
|
|
Batting: LHB Frank Olivo
|
0-0: Ball 1-0: Swinging Strike 1-1: Called Strike 1-2: SINGLE (Groundball, 4MS, EV 67.5 MPH) (infield hit)
|
|
Batting: RHB Travis Campbell
|
0-0: Ball 1-0: Called Strike 1-1: Called Strike 1-2: Ball 2-2: Strikes out swinging
|
|
Batting: RHB Joe Sandoval
|
0-0: Ball 1-0: Called Strike 1-1: Ball 2-1: Foul Ball, location: 2F 2-2: Foul Ball, location: 2F 2-2: Fielders Choice at 2nd, 5-4 (Groundball, 56, EV 81.9 MPH)
|
|
Batting: RHB Dominique Paolozzi
|
0-0: Swinging Strike 0-1: Fly out, F9 (Flyball, 9, EV 79.4 MPH)
|
| Top of the 2nd over - 0 runs, 1 hit, 0 errors, 1 left on base; Lowell 0 - Aberdeen 4 |
| BOTTOM OF THE 2ND |
|
Aberdeen Ironbirds batting - Pitching for Lowell Spinners : LHP Jon Convery
|
|
Batting: RHB Matt Berrier
|
0-0: Ball 1-0: Called Strike 1-1: SINGLE (Groundball, 34D, EV 95.6 MPH)
|
|
Batting: LHB Miguel Medina
|
0-0: Ball 1-0: Ball 2-0: SINGLE (Line Drive, 7S, EV 94.4 MPH) Matt Berrier to second
|
|
Batting: RHB Ben Sutton
|
0-0: Called Strike 0-1: Foul Ball, location: 2F 0-2: Ball 1-2: 3-RUN HOME RUN (Flyball, 7D, EV 98.1 MPH), Distance : 395 ft
|
|
Pitching: RHP Alex Sandidge
|
|
|
Batting: RHB Daniel Jackson
|
0-0: Ball 1-0: Called Strike 1-1: Ball 2-1: Ball 3-1: Called Strike 3-2: Foul Ball, location: 2F 3-2: Fly out, F8 (Flyball, 8LD, EV 103.8 MPH)
|
|
Batting: RHB Jeremy Sipe
|
0-0: Foul Ball, location: 2F 0-1: Swinging Strike 0-2: Strikes out looking
|
|
Batting: RHB Mike Zepeda
|
0-0: Ball 1-0: Ball 2-0: Ball 3-0: Base on Balls
|
|
Batting: RHB Steve Jones
|
0-0: 2-RUN HOME RUN (Flyball, 7D, EV 107.5 MPH), Distance : 407 ft
|
|
Batting: RHB Mike Pitts
|
0-0: Called Strike 0-1: Ball 1-1: Foul Ball, location: 2F 1-2: Hit by Pitch
|
|
Batting: RHB Tony Godley
|
0-0: Ball 1-0: Ball 2-0: Foul Ball, location: 2F 2-1: Swinging Strike 2-2: Fielders Choice at 2nd, 6-4 (Groundball, 6, EV 108.1 MPH)
|
| Bottom of the 2nd over - 5 runs, 4 hits, 0 errors, 1 left on base; Lowell 0 - Aberdeen 9 |
| TOP OF THE 3RD |
|
Lowell Spinners batting - Pitching for Aberdeen Ironbirds : LHP Freddy Gutierrez
|
|
Batting: RHB Randy Schmitt
|
0-0: Ball 1-0: Called Strike 1-1: Ground out 1-3 (Groundball, 13S, EV 75.0 MPH)
|
|
Batting: RHB Josh Smith
|
0-0: Called Strike 0-1: Hit by Pitch
|
|
Batting: RHB Sal Rivera
|
0-0: Called Strike 0-1: Ball 1-1: Swinging Strike 1-2: Strikes out swinging
|
|
Batting: LHB Sergio Tinoco
|
0-0: Called Strike 0-1: Foul Ball, location: 2F 0-2: Hit by Pitch Josh Smith to second
|
|
Batting: RHB Alex Cardenas
|
0-0: Ball 1-0: Foul Ball, location: 2F 1-1: Swinging Strike 1-2: Strikes out swinging
|
| Top of the 3rd over - 0 runs, 0 hits, 0 errors, 2 left on base; Lowell 0 - Aberdeen 9 |
| BOTTOM OF THE 3RD |
|
Aberdeen Ironbirds batting - Pitching for Lowell Spinners : RHP Alex Sandidge
|
|
Batting: RHB Matt Berrier
|
0-0: Ball 1-0: Ground out 5-3 (Groundball, 56S, EV 68.1 MPH)
|
|
Batting: LHB Miguel Medina
|
0-0: Ball 1-0: Called Strike 1-1: Swinging Strike 1-2: Foul Ball, location: 2F 1-2: Strikes out looking
|
|
Batting: RHB Ben Sutton
|
0-0: Foul Ball, location: 2F 0-1: Foul Ball, location: 2F 0-2: Foul Ball, location: 2F 0-2: Strikes out swinging
|
| Bottom of the 3rd over - 0 runs, 0 hits, 0 errors, 0 left on base; Lowell 0 - Aberdeen 9 |
| TOP OF THE 4TH |
|
Lowell Spinners batting - Pitching for Aberdeen Ironbirds : LHP Freddy Gutierrez
|
|
Batting: LHB Frank Olivo
|
0-0: Called Strike 0-1: Ball 1-1: Foul Ball, location: 2F 1-2: Ball 2-2: Strikes out swinging
|
|
Batting: RHB Travis Campbell
|
0-0: Called Strike 0-1: Ball 1-1: Foul Ball, location: 2F 1-2: Foul Ball, location: 2F 1-2: SINGLE (Groundball, 34D, EV 109.4 MPH)
|
|
Batting: RHB Joe Sandoval
|
0-0: SINGLE (Groundball, 4MD, EV 86.9 MPH) (infield hit) Travis Campbell to second
|
|
Batting: RHB Dominique Paolozzi
|
0-0: Called Strike 0-1: Ball 1-1: Called Strike 1-2: Strikes out swinging
|
|
Batting: RHB Randy Schmitt
|
0-0: Called Strike 0-1: Called Strike 0-2: SINGLE (Line Drive, 89M, EV 90.0 MPH) Travis Campbell to third Joe Sandoval to second Runner from 3rd tries for Home, SAFE, throw by RF to home
|
|
Batting: RHB Josh Smith
|
0-0: Called Strike 0-1: Ball 1-1: Foul Ball, location: 2F 1-2: TRIPLE (Flyball, 89XD, EV 98.8 MPH) Joe Sandoval scores Randy Schmitt scores
|
|
Batting: RHB Sal Rivera
|
0-0: Called Strike 0-1: SINGLE (Line Drive, 78S, EV 90.0 MPH) Josh Smith scores
|
|
Batting: LHB Sergio Tinoco
|
0-0: Ball Sal Rivera steals 2nd base 1-0: Called Strike 1-1: Foul Ball, location: 2F 1-2: Strikes out swinging
|
| Top of the 4th over - 4 runs, 5 hits, 0 errors, 1 left on base; Lowell 4 - Aberdeen 9 |
| BOTTOM OF THE 4TH |
|
Aberdeen Ironbirds batting - Pitching for Lowell Spinners : RHP Alex Sandidge
|
|
Pitching: RHP Perry Mills
|
|
|
Batting: RHB Daniel Jackson
|
0-0: Called Strike 0-1: Ground out 5-3 (Groundball, 56S, EV 87.5 MPH)
|
|
Pitching: LHP Neil Palazzo
|
|
|
Batting: RHB Jeremy Sipe
|
0-0: Fly out, F8 (Line Drive, 8LD, EV 90.0 MPH)
|
|
Batting: RHB Mike Zepeda
|
0-0: Ground out 5-3 (Groundball, 56S, EV 76.2 MPH)
|
| Bottom of the 4th over - 0 runs, 0 hits, 0 errors, 0 left on base; Lowell 4 - Aberdeen 9 |
| TOP OF THE 5TH |
|
Lowell Spinners batting - Pitching for Aberdeen Ironbirds : LHP Freddy Gutierrez
|
|
Batting: RHB Alex Cardenas
|
0-0: Foul Ball, location: 2F 0-1: Swinging Strike 0-2: Ball 1-2: Strikes out looking
|
|
Batting: LHB Frank Olivo
|
0-0: Called Strike 0-1: Swinging Strike 0-2: Hit by Pitch
|
|
Batting: RHB Travis Campbell
|
0-0: Ball 1-0: Foul Ball, location: 2F 1-1: Ball 2-1: DOUBLE (Flyball, 89XD, EV 109.4 MPH) Frank Olivo to third
|
|
Batting: RHB Joe Sandoval
|
0-0: Foul Ball, location: 2F 0-1: Foul Ball, location: 2F 0-2: Ball 1-2: Ball 2-2: Strikes out swinging
|
|
Batting: RHB Dominique Paolozzi
|
0-0: Ball 1-0: Ball Wild Pitch! Frank Olivo scores Travis Campbell to third 2-0: Called Strike 2-1: Foul Ball, location: 2F 2-2: Strikes out looking
|
| Top of the 5th over - 1 run, 1 hit, 0 errors, 1 left on base; Lowell 5 - Aberdeen 9 |
| BOTTOM OF THE 5TH |
|
Aberdeen Ironbirds batting - Pitching for Lowell Spinners : LHP Neil Palazzo
|
|
Batting: RHB Steve Jones
|
0-0: Ball 1-0: Called Strike 1-1: Swinging Strike 1-2: Strikes out looking
|
|
Batting: RHB Mike Pitts
|
0-0: Foul Ball, location: 2F 0-1: Ground out U3 (Groundball, 23, EV 82.5 MPH)
|
|
Batting: RHB Tony Godley
|
0-0: Called Strike 0-1: Ground out 6-3 (Groundball, 6, EV 81.2 MPH)
|
| Bottom of the 5th over - 0 runs, 0 hits, 0 errors, 0 left on base; Lowell 5 - Aberdeen 9 |
| TOP OF THE 6TH |
|
Lowell Spinners batting - Pitching for Aberdeen Ironbirds : LHP Freddy Gutierrez
|
|
Pitching: RHP Adam Browne
|
|
|
Batting: RHB Randy Schmitt
|
0-0: Ball 1-0: Called Strike 1-1: Called Strike 1-2: Strikes out swinging
|
|
Batting: RHB Josh Smith
|
0-0: Called Strike 0-1: TRIPLE (Flyball, 89XD, EV 105.0 MPH)
|
|
Batting: RHB Sal Rivera
|
0-0: Ball 1-0: SINGLE (Groundball, 5S, EV 72.5 MPH) (infield hit) Josh Smith scores
|
|
Batting: LHB Sergio Tinoco
|
0-0: Called Strike 0-1: Called Strike Sal Rivera steals 2nd base 0-2: Ball 1-2: Ball 2-2: Foul Ball, location: 2F 2-2: Ball 3-2: Foul Ball, location: 2F 3-2: Base on Balls
|
|
Batting: RHB Alex Cardenas
|
0-0: Foul Ball, location: 2F 0-1: Ball Sal Rivera steals 3rd, throwing error, E2 Sal Rivera scores Sergio Tinoco to third 1-1: Foul Ball, location: 2F 1-2: Ball 2-2: Fly out, F8 (Flyball, 8RD, EV 90.0 MPH)
|
|
Batting: LHB Frank Olivo
|
0-0: Called Strike 0-1: Foul Ball, location: 2F 0-2: Foul Ball, location: 2F 0-2: Ball 1-2: Ball 2-2: Strikes out swinging
|
| Top of the 6th over - 2 runs, 2 hits, 1 error, 1 left on base; Lowell 7 - Aberdeen 9 |
| BOTTOM OF THE 6TH |
|
Aberdeen Ironbirds batting - Pitching for Lowell Spinners : LHP Neil Palazzo
|
|
Batting: RHB Matt Berrier
|
0-0: Swinging Strike 0-1: Foul Ball, location: 2F 0-2: Ball 1-2: Strikes out swinging
|
|
Batting: LHB Miguel Medina
|
0-0: Fly out, F6 (Popup, 56D, EV 51.9 MPH)
|
|
Batting: RHB Ben Sutton
|
0-0: Foul Ball, location: 2F 0-1: Ball 1-1: Swinging Strike 1-2: Ground out 1-3 (Groundball, P, EV 65.0 MPH)
|
| Bottom of the 6th over - 0 runs, 0 hits, 0 errors, 0 left on base; Lowell 7 - Aberdeen 9 |
| TOP OF THE 7TH |
|
Lowell Spinners batting - Pitching for Aberdeen Ironbirds : RHP Adam Browne
|
|
Pitching: LHP Justin Hinton
|
|
|
Batting: RHB Travis Campbell
|
0-0: Ground out 4-3 (Groundball, 4, EV 104.4 MPH)
|
|
Batting: RHB Joe Sandoval
|
0-0: Fly out, F7 (Flyball, 7S, EV 71.2 MPH)
|
|
Batting: RHB Dominique Paolozzi
|
0-0: Foul Ball, location: 2F 0-1: Ball 1-1: Ball 2-1: Ground out 6-3 (Groundball, 6, EV 99.4 MPH)
|
| Top of the 7th over - 0 runs, 0 hits, 0 errors, 0 left on base; Lowell 7 - Aberdeen 9 |
| BOTTOM OF THE 7TH |
|
Aberdeen Ironbirds batting - Pitching for Lowell Spinners : LHP Neil Palazzo
|
|
Batting: RHB Daniel Jackson
|
0-0: Foul Ball, location: 2F 0-1: Fly out, F8 (Flyball, 8RD, EV 97.5 MPH)
|
|
Batting: RHB Jeremy Sipe
|
0-0: Ball 1-0: DOUBLE (Groundball, 5L, EV 100.0 MPH)
|
|
Batting: RHB Mike Zepeda
|
0-0: Called Strike 0-1: Called Strike 0-2: Ball Wild Pitch! Jeremy Sipe to third 1-2: SINGLE (Groundball, 34D, EV 101.2 MPH) Jeremy Sipe scores
|
|
Batting: RHB Steve Jones
|
0-0: Called Strike Mike Zepeda steals 2nd base 0-1: Called Strike 0-2: Foul Ball, location: 2F 0-2: Foul Ball, location: 2F 0-2: Ball 1-2: SINGLE (Groundball, 34D, EV 112.5 MPH) Mike Zepeda to third Runner from 3rd tries for Home, SAFE, throw by RF to home
|
|
Pitching: LHP Chris Woodruff
|
|
|
Batting: RHB Mike Pitts
|
0-0: Fielders Choice at 2nd, 5-4 (Groundball, 5, EV 88.1 MPH)
|
|
Batting: RHB Tony Godley
|
0-0: Swinging Strike 0-1: Ground out 1-3 (Groundball, P, EV 75.0 MPH)
|
| Bottom of the 7th over - 2 runs, 3 hits, 0 errors, 1 left on base; Lowell 7 - Aberdeen 11 |
| TOP OF THE 8TH |
|
Lowell Spinners batting - Pitching for Aberdeen Ironbirds : LHP Justin Hinton
|
|
Batting: RHB Randy Schmitt
|
0-0: Called Strike 0-1: Ball 1-1: Ball 2-1: Ground out 5-3 (Groundball, 56S, EV 83.8 MPH)
|
|
Batting: RHB Josh Smith
|
0-0: Called Strike 0-1: Foul Ball, location: 2F 0-2: Ball 1-2: Strikes out swinging
|
|
Batting: RHB Sal Rivera
|
0-0: Ball 1-0: Ground out 3-1 (Groundball, 34, EV 78.1 MPH)
|
| Top of the 8th over - 0 runs, 0 hits, 0 errors, 0 left on base; Lowell 7 - Aberdeen 11 |
| BOTTOM OF THE 8TH |
|
Aberdeen Ironbirds batting - Pitching for Lowell Spinners : LHP Chris Woodruff
|
|
Batting: RHB Matt Berrier
|
0-0: Ball 1-0: Ground out 1-3 (Groundball, 15S, EV 70.6 MPH)
|
|
Batting: LHB Miguel Medina
|
0-0: Ball 1-0: Swinging Strike 1-1: Foul Ball, location: 2F 1-2: Strikes out swinging
|
|
Batting: RHB Ben Sutton
|
0-0: Ball 1-0: Ball 2-0: Ball 3-0: Base on Balls
|
|
Batting: RHB Daniel Jackson
|
0-0: Fielders Choice at 2nd, 6-4 (Groundball, 6, EV 103.8 MPH)
|
| Bottom of the 8th over - 0 runs, 0 hits, 0 errors, 1 left on base; Lowell 7 - Aberdeen 11 |
| TOP OF THE 9TH |
|
Lowell Spinners batting - Pitching for Aberdeen Ironbirds : LHP Justin Hinton
|
|
Pitching: RHP Brian Tarver
|
|
|
Batting: LHB Sergio Tinoco
|
0-0: Called Strike 0-1: Ball 1-1: Called Strike 1-2: Ball 2-2: Ball 3-2: Foul Ball, location: 2F 3-2: Ground out 4-3 (Groundball, 4, EV 88.1 MPH)
|
|
Batting: RHB Alex Cardenas
|
0-0: Called Strike 0-1: Swinging Strike 0-2: Strikes out swinging
|
|
Batting: LHB Frank Olivo
|
0-0: Foul Ball, location: 2F 0-1: Ground out 6-3 (Groundball, 6S, EV 88.8 MPH)
|
| Top of the 9th over - 0 runs, 0 hits, 0 errors, 0 left on base; Lowell 7 - Aberdeen 11 |
|